 Dungeon Crawl Stone Soup version 0.27.1-1-g398f81649c (webtiles) character file.

Game seed: 5035117572694293178

165 Kangaroobicon the Ruffian (level 5, -2/47 HPs)
             Began as a Troll Monk on Sept 18, 2021.
             Was a Believer of Hepliaklqana.
             Slain by Crazy Yiuf (11 damage)
             ... on level 3 of the Dungeon.
             The game lasted 00:22:07 (1743 turns).

Kangaroobicon the Ruffian (Troll Monk)              Turns: 1743, Time: 00:22:12

Health: -2/47      AC:  8    Str: 19    XL:     5   Next: 22%
Magic:  4/4        EV: 10    Int:  6    God:    Hepliaklqana [**....]
Gold:   109        SH:  0    Dex: 13    Spells: 4/4 levels left

rFire    . . .     SeeInvis .     - Unarmed
rCold    . . .     Faith    .   (no shield)
rNeg     . . .     Spirit   .   a - +0 robe
rPois    .         Reflect  .   (helmet restricted)
rElec    .         Harm     .   (no cloak)
rCorr    .         Rampage  .   (gloves unavailable)
Will     .....                  (boots unavailable)
Stlth    ++........             g - amulet of the acrobat
HPRegen  1.15/turn              p - +4 ring of protection
MPRegen  0.09/turn              (no ring)

@: very slightly contaminated, invisible
A: reduced essence, large, unfitting armour, claws 3, regeneration 1, shaggy fur
1, tough skin 1
a: Renounce Religion, Recall Ancestor, Ancestor Identity


You were on level 3 of the Dungeon.
You worshipped Hepliaklqana.
Hepliaklqana was pleased with you.
You visited 1 branch of the dungeon, and saw 3 of its levels.

You collected 109 gold pieces.

Inventory:

Hand Weapons
 h - a +0 short sword of electrocution
 l - a +1 mace of protection
 n - a +0 hunting sling
Missiles
 b - 36 sling bullets
 e - 32 stones (quivered)
Armour
 a - a +0 robe (worn)
Jewellery
 g - an amulet of the acrobat (around neck)
 p - a +4 ring of protection (left claw)
Scrolls
 c - 3 scrolls of teleportation {unknown}
 i - a scroll of enchant armour {unknown}
 k - 3 scrolls of identify {unknown}
 q - a scroll of torment {unknown}
Potions
 d - 2 potions of heal wounds {unknown}
 f - a potion of haste {unknown}
 j - a potion of magic {unknown}
 m - a potion of curing {unknown}
 o - a potion of lignification {unknown}
 r - a potion of flight {unknown}
 s - a potion of might {unknown}


   Skills:
 + Level 3.1 Fighting
 + Level 3.1 Dodging
 + Level 1.3 Stealth
 + Level 4.6 Unarmed Combat


You had 4 spell levels left.
You didn't know any spells.
Your spell library was empty.

Dungeon Overview and Level Annotations

Branches:
Dungeon (3/15)

Altars:
Hepliaklqana

Annotations:
D:3 Crazy Yiuf


Innate Abilities, Weirdness & Mutations

Your life essence is reduced to manifest your ancestor. (-10% HP)
You are too large for most types of armour.
You have claws for hands.
Your natural rate of healing is unusually fast.
You are covered in fur. (AC +1)
You have tough skin. (AC +1)


Message History

There is an open door here.
You see here 16 gold pieces.
You closely miss the giant cockroach. You claw the giant cockroach.
You kill the giant cockroach!
You now have 109 gold pieces (gained 16).
Jessica the Apprentice Sorceress comes into view.
She is wielding a +0 dagger.
The helpless Jessica fails to defend herself.
You claw Jessica!
You kill Jessica!
s - a red potion
Things that are here:
a +0 dagger; a +0 robe; the human corpse of Jessica
Found a mace.
Found a runed translucent door.
Crazy Yiuf shouts!
As you open the door, it creaks loudly!
You closely miss Crazy Yiuf.
Octavia points at Crazy Yiuf and mumbles some strange words.
Crazy Yiuf resists with some effort.
Crazy Yiuf barely misses you.
You barely miss Crazy Yiuf.
Crazy Yiuf hits you with a +2 quarterstaff of chaos!
You are electrocuted!!
You barely miss Crazy Yiuf. Crazy Yiuf barely misses you.
You claw Crazy Yiuf!
Crazy Yiuf is heavily wounded.
Crazy Yiuf hits you with a +2 quarterstaff of chaos!
* * * LOW HITPOINT WARNING * * *
You fade into invisibility!
You are very lightly contaminated with residual magic.
What are your orders? t - Shout!
Orders for allies: a - Attack new target. r - Retreat! s - Stop attacking. g - Guard the area. f - Follow me.
Anything else - Cancel.
Gang up on whom?
Press: ? - help, Dir - move target, f - Crazy Yiuf
Aim: Crazy Yiuf, wielding a +2 quarterstaff of chaos and wearing a +0 cloak (heavily wounded, ally target) Attack!
Crazy Yiuf hits you with a +2 quarterstaff of chaos!
You die...

#.##### #.....#
#####.# #####
#.# #..)# #.#
#...# #######
#.# ... #.....#
#.# #g#
#.....###'##
♣♣@♣
#...........
♣R♣♣
#...†.......
♣♣.♣
#...........
♣.♣♣
#.....###+##
♣♣.♣♣ #.....+
♣...♣♣ #.....#
♣....♣ #.....#
#.)..# #.....#
##..#####.....#


You could see the friendly Octavia the hexer and Crazy Yiuf (ally target).

Vanquished Creatures
  Jessica (D:3)
  4 gnolls (D:3)
  2 adders (D:2)
  A worm (D:2)
  2 dart slugs
  An orc (D:3)
  2 bats
  10 endoplasms
  4 giant cockroaches
  5 goblins
  6 hobgoblins
  9 jackals
  9 kobolds
  6 ball pythons
  3 frilled lizards
  3 rats
68 creatures vanquished.

Notes
Turn   | Place    | Note
-------+----------+-------------------------------------------
     0 | D:1      | Kangaroobicon the Troll Monk began the quest for the Orb.
     0 | D:1      | Reached XP level 1. HP: 22/22 MP: 0/0
    81 | D:1      | Reached XP level 2. HP: 29/29 MP: 1/1
    86 | D:1      | Found a faded altar of an unknown god.
   111 | D:1      | You fall into a shaft and drop 1 floor!
   262 | D:2      | Reached XP level 3. HP: 37/37 MP: 2/2
   630 | D:2      | Reached XP level 4. HP: 45/45 MP: 3/3
  1082 | D:1      | Reached skill level 4 in Unarmed Combat
  1653 | D:3      | Found a faded altar of an unknown god.
  1657 | D:3      | Found a hazy altar of Hepliaklqana.
  1658 | D:3      | Found a faded altar of an unknown god.
  1664 | D:3      | Reached XP level 5. HP: 50/53 MP: 4/4
  1672 | D:3      | Became a worshipper of Hepliaklqana the Forgotten
  1672 | D:3      | Reached * piety under Hepliaklqana
  1672 | D:3      | Reached ** piety under Hepliaklqana
  1673 | D:3      | Remembered your ancestor Octavia as a hexer
  1725 | D:3      | Noticed Jessica
  1728 | D:3      | Killed Jessica
  1734 | D:3      | Found a runed translucent door.
  1735 | D:3      | Noticed Crazy Yiuf
  1743 | D:3      | Slain by Crazy Yiuf

Illustrated notes

Levels and vault maps discovered:
D:1:      lemuel_arrival_tunnels, layout_basic,
          hellmonk_ecumenical_altar_inner_sanctum
D:2:      layout_loops_ring
D:3:      layout_basic, nicolae_hepliaklqana_ecumenical_no_more,
          uniq_crazy_yiuf_cottage, uniq_jessica

Skill      XL: |  1  2  3  4 |
---------------+-------------+-----
Fighting       | 3 |  3.1
Unarmed Combat | 4 |  4.6
Dodging        | 3 |  3.1
Stealth        | |  1.3

Action                   |  1- 3 |  4- 6 || total
-------------------------+-------+-------++-------
Melee: Unarmed           |    91 |    88 ||   179
       Punch             |       |     2 ||     2
Invok: Ancestor Life: He |       |     1 ||     1
 Stab: Sleeping          |     1 |     3 ||     4
Armor: Robe              |    27 |    18 ||    45
Dodge: Dodged            |    30 |    41 ||    71
